 Dungeon Crawl Stone Soup version 0.21.1-1-g345015f (webtiles) character file.

322664 Goblin1989 the Brawler (level 20, -11/221 HPs)
             Began as a Centaur Hunter on Mar 12, 2018.
             Was the Champion of Okawaru.
             Mangled by a death scarab (12 damage)
             ... summoned by a greater mummy
             ... in a wizard's laboratory on Mar 15, 2018.
             The game lasted 03:59:53 (68910 turns).

Goblin1989 the Brawler (Centaur Hunter)            Turns: 68910, Time: 03:59:54

Health: -11/221    AC: 32    Str: 17    XL:     20   Next: 67%
Magic:  28/28      EV: 22    Int: 14    God:    Okawaru [******]
Gold:   4075       SH:  0    Dex: 13    Spells: 13/34 levels left

rFire    . . .     SeeInvis .     - Unarmed
rCold    . . .     Gourm    .   (no shield)
rNeg     + . .     Faith    .   (armour currently unavailable)
rPois    ∞         Spirit   .   a - +2 helmet
rElec    +         Reflect  .   q - scarf {cloud immunity}
rCorr    .         Harm     .   (gloves currently unavailable)
MR       +....                  (no barding)
Stlth    +.........             r - amulet of regeneration
HPRegen  0.86/turn              h - +6 ring of evasion {=R}
MPRegen  0.21/turn              m - +4 ring of protection

@: statue-form, hasted and slowed, very slow
A: large, hooves 3, deformed body, low mp 1
}: 2/15 runes: decaying, serpentine
a: End Transformation, Heroism, Finesse, Renounce Religion


You were in a wizard's laboratory.
You worshipped Okawaru.
Okawaru was exalted by your worship.
You were not hungry.
You were a stone statue.
You visited 7 branches of the dungeon, and saw 36 of its levels.
You also visited: Ossuary, Ice Cave and Wizlab.

You collected 4292 gold pieces.
You spent 217 gold pieces at shops.

Inventory:

Hand Weapons
 b - a +6 longbow of flaming {god gift}
Missiles
 W - 703 arrows {god gift}
Armour
 a - a +2 helmet (worn)
 q - a scarf of cloud immunity (worn)
 s - the +3 centaur barding of Prudence (melded) {god gift, MR+}
   (Okawaru gifted it to you on level 4 of the Swamp)

   It affects your resistance to hostile enchantments.
 z - a +0 centaur barding of cold resistance {god gift}
 A - a +0 pair of gloves of archery (melded) {god gift}
 Y - the +0 centaur barding of Faunn {god gift, rCorr Stlth+}
   (Okawaru gifted it to you on level 1 of the Swamp)

   It protects you from acid and corrosion.
   It makes you more stealthy.
 Z - +5 steam dragon scales (melded)
Jewellery
 c - an uncursed ring of protection from cold
 f - an uncursed ring of protection from fire
 h - a +6 ring of evasion (left hand) {=R}
 m - a +4 ring of protection (right hand)
 r - an amulet of regeneration (around neck)
 C - an uncursed ring of wizardry
 P - the ring "Ymaaw" {+Fly MR+}
   (You found it on level 14 of the Dungeon)

   [ring of flight]

   It affects your resistance to hostile enchantments.
   It lets you fly.
 V - an uncursed ring of positive energy
Wands
 o - a wand of flame (81)
 y - a wand of clouds (6)
 X - a wand of digging (49)
Scrolls
 j - 17 scrolls of remove curse {@r2}
 x - 2 scrolls of holy word
 B - a scroll of blinking
 F - 6 scrolls of fog
 M - 3 scrolls of magic mapping
 R - 6 scrolls of identify {@r1}
 S - 6 scrolls of immolation
 T - 7 scrolls of teleportation {!r, @r3}
 U - a scroll of fear
Potions
 d - 4 potions of resistance
 i - a potion of haste {@q3, !q}
 p - 2 potions of heal wounds {@q2, !q}
 t - a potion of berserk rage
 E - 6 potions of curing {@q1}
 G - 4 potions of mutation {!q}
 H - 3 potions of might
 I - 2 potions of magic
 J - 4 potions of flight
 K - 9 potions of brilliance
 O - 5 potions of agility
 Q - a potion of invisibility
Miscellaneous
 u - a phial of floods
Comestibles
 e - 45 rations


   Skills:
 * Level 12.8 Fighting
 - Level 14.1 Bows
 - Level 4.9 Throwing
 - Level 8.7 Armour
 * Level 11.9 Dodging
 - Level 0.4 Stealth
 * Level 19.7 Unarmed Combat
 + Level 7.9 Spellcasting
 + Level 12.2 Transmutations
 + Level 12.3 Earth Magic
 - Level 10.0 Invocations


You had 13 spell levels left.
You knew the following spells:

 Your Spells              Type           Power        Failure   Level  Hunger
c - Passwall              Tmut/Erth      #####.....   1%          2    None
d - Blink                 Tloc           N/A          21%         2    None
g - Passage of Golubria   Tloc           N/A          78%         4    ####...
y - Song of Slaying       Chrm           #.......     21%         2    None
R - Regeneration          Chrm/Necr      #.........   36%         3    ##.....
Y - Statue Form           Tmut/Erth      #####....    12%         6    #######
Z - Sublimation of Blood  Necr           #.........   21%         2    None


Dungeon Overview and Level Annotations

Branches:
Dungeon (15/15)            Temple (1/1) D:4            Lair (6/6) D:10
  Swamp (4/4) Lair:4        Snake (4/4) Lair:4        Slime (0/5) Lair:5
    Orc (2/2) D:11            Elf (0/3) Orc:2        Vaults (4/5) D:14
  Crypt (0/3) Vaults:2     Depths (0/5) D:15

Altars:
Ashenzari
Cheibriados
Dithmenos
Elyvilon
Fedhas
Gozag
Hepliaklqana
Kikubaaqudgha
Makhleb
Nemelex Xobeh
Okawaru
Qazlal
Ru
Sif Muna
Trog
Uskayaw
Vehumet
Wu Jian
Xom
Yredelemnul
Zin
The Shining One
Beogh
Jiyva

Shops:
D:4 (   D:7 [   Orc:2 [[(!

Portals:
Trove: D:13 (give 7 potions of haste)

Annotations:
D:6 Curus's ghost, novice DsGl
D:7 daodarkstar's ghost, novice DsFi
D:13 exclusion: 4 oklob plants
Lair:5 Serooblart's ghost, journeyman MiFi


Innate Abilities, Weirdness & Mutations

You have hooves in place of feet.
Armour fits poorly on your strangely shaped body.
((You cover ground very quickly.))
((You have extremely tough skin. (AC +3)))
Your magical capacity is low. (-10% MP)


Message History

Okawaru accepts your kill.
You feel extremely nervous for a moment...
You shiver with cold.
The death scarab closely misses you.
The death scarab bites you but does no damage.
The tengu reaver zombie closely misses you.
The tengu reaver zombie pecks you but does no damage.
The tengu reaver zombie barely misses you.
The greater mummy gestures wildly while chanting.
You punch the tengu reaver zombie!
Your kick misses the tengu reaver zombie.
The tengu reaver zombie is lightly damaged.
The death scarab disappears in a puff of smoke!
The tengu reaver zombie hits you but does no damage.
The tengu reaver zombie pecks you.
* * * LOW HITPOINT WARNING * * *
The tengu reaver zombie closely misses you.
You take 2 damage, and have 72/221 hp.
You barely miss the tengu reaver zombie.
The tengu reaver zombie is lightly damaged.
The tengu reaver zombie hits you but does no damage.
The tengu reaver zombie completely misses you.
The tengu reaver zombie barely misses you.
You squash the tengu reaver zombie like an ant!!!
Your kick misses the tengu reaver zombie.
The tengu reaver zombie is heavily damaged.
The tengu reaver zombie hits you.
* * * LOW HITPOINT WARNING * * *
The tengu reaver zombie pecks you but does no damage.
The tengu reaver zombie completely misses you.
You punch the tengu reaver zombie!
Your kick misses the tengu reaver zombie.
Your punch misses the tengu reaver zombie.
The tengu reaver zombie is heavily damaged.
You feel yourself speed up.
The tengu reaver zombie completely misses you.
The tengu reaver zombie barely misses you.
The tengu reaver zombie claws you but does no damage.
You punch the tengu reaver zombie! You kick the tengu reaver zombie!
You punch the tengu reaver zombie.
The tengu reaver zombie is severely damaged.
The tengu reaver zombie hits you but does no damage.
The tengu reaver zombie pecks you but does no damage.
The tengu reaver zombie claws you but does no damage.
The greater mummy mumbles some strange words.
You pummel the tengu reaver zombie!! You kick the tengu reaver zombie.
The tengu reaver zombie is almost destroyed.
The tengu reaver zombie barely misses you.
The tengu reaver zombie closely misses you.
The tengu reaver zombie misses you.
The greater mummy mumbles some strange words.
You squash the tengu reaver zombie like an ant!!!
You destroy the tengu reaver zombie!
Okawaru accepts your kill.
The death scarab bites you but does no damage.
The death scarab misses you.
The death scarab misses you. x2; The death scarab closely misses you.
The death scarab bites you!
* * * LOW HITPOINT WARNING * * *
The death scarab drains your vigour!
You feel yourself slow down. The death scarab barely misses you.
The death scarab bites you but does no damage.
The death scarab misses you.
The greater mummy gestures at you while chanting.
Something smites you!
* * * LOW HITPOINT WARNING * * *
The death scarab misses you. The death scarab completely misses you.
The greater mummy hits you but does no damage.
The death scarab barely misses you. The death scarab bites you!!
* * * LOW HITPOINT WARNING * * *
You take 40 damage, and have 37/221 hp.
Really quaff
p - 3 potions of heal wounds {@q2, !q}?
You feel much better. The death scarab bites you.
* * * LOW HITPOINT WARNING * * *
The death scarab bites you!
* * * LOW HITPOINT WARNING * * *
The death scarab drains your vigour!
You feel as though you will be slow longer.
The death scarab misses you. The death scarab closely misses you.
The death scarab misses you. The death scarab completely misses you.
The death scarab misses you. The death scarab bites you!
* * * LOW HITPOINT WARNING * * *
The death scarab bites you!
* * * LOW HITPOINT WARNING * * *
The death scarab bites you!
* * * LOW HITPOINT WARNING * * *
The death scarab drains your vigour!
You feel as though you will be slow longer.
The greater mummy hits you.
* * * LOW HITPOINT WARNING * * *
The death scarab bites you but does no damage.
The greater mummy barely misses you.
The death scarab waves its antennae.
The death scarab barely misses you.
You take 18 damage, and have 19/221 hp.
Really quaff
i - 2 potions of haste {@q3, !q}?
You feel yourself speed up. The death scarab misses you.
The death scarab bites you!!
* * * LOW HITPOINT WARNING * * *
The death scarab misses you. The death scarab bites you!
You die... █████████████ █...........█ █...........█ █...........█ █..∩..∩..∩..█ █...........█ █...........█ █....ss.....█ ████████████████8████████████████

...............sM.s.....M........
...............ssss..............
................s................
.................................
.....?.........................?.
...........................Z.....
.................................
.................................


You could see a greater mummy, an emperor scorpion and 8 death scarabs.

Vanquished Creatures
  Mara (Swamp:4)
  Vashnia (Snake:4)
  Nikola (Swamp:2)
  The ghost of shugdite the Minotaur Blade, an adept MiFi of Okawaru (Vaults:2)
  Rupert (Lair:3)
  A sphinx (D:13)
  Frances (D:12)
  Kirke (Swamp:4)
  8 thorn hunters
  Gastronok (D:12)
  Donald (Swamp:4)
  2 fire giants
  8 nagarajas
  A deep elf sorcerer (Vaults:1)
  3 orc warlords
  Aizul (Snake:2)
  Louise (D:14)
  8 vault wardens
  The ghost of Verr the Fighter, a journeyman DsFi of Yredelemnul (Swamp:2)
  A reaper (IceCv)
  5 very ugly things
  2 stone giants (Vaults:2)
  A deep elf demonologist (Vaults:1)
  7 ironheart preservers
  Azrael (D:12)
  7 ogre magi
  2 mummy priests (WizLab)
  2 great orbs of eyes (Vaults:2)
  2 rakshasas
  Josephine (Lair:4)
  8 yaktaur captains
  6 vault guards
  27 hydras
  20 naga warriors
  A catoblepas (D:13)
  A ghost crab (Swamp:4)
  5 anacondas
  2 death knights
  2 tengu warriors (D:13)
  6 centaur warriors
  13 alligators
  25 two-headed ogres
  A deep troll shaman (Vaults:1)
  2 deep troll earth magi
  19 naga sharpshooters
  2 spriggan berserkers (Swamp:4)
  3 orc high priests
  5 shock serpents
  3 deep elf knights
  2 shadow wraiths
  Sonja (Lair:4)
  Nergalle (Lair:1)
  2 salamander mystics
  13 skeletal warriors
  A wizard (D:14)
  7 swamp dragons
  4 unseen horrors
  11 ironbrand convokers
  A spriggan druid (Swamp:3)
  A flayed ghost (D:14)
  4 deep trolls
  3 shambling mangroves
  8 naga ritualists
  Pikel (D:6)
  9 mana vipers
  20 orc knights
  An oklob plant (Snake:1)
  3 wolf spiders
  10 salamanders
  45 ugly things
  8 orc sorcerers
  4 manticores
  10 cyclopes
  A frost giant zombie (WizLab)
  6 deep elf magi
  6 elephants (Lair:5)
  Maurice (D:13)
  2 guardian serpents
  26 black mambas
  2 centaur zombies
  19 naga magi
  2 ice statues (IceCv)
  11 vault sentinels
  Joseph (D:8)
  20 spiny frogs
  An efreet (D:15)
  6 komodo dragons
  A rime drake (Lair:3)
  29 yaktaurs
  5 freezing wraiths
  9 ice devils (IceCv)
  2 yaktaurs (shapeshifter)
  4 guardian mummies (WizLab)
  A troll (shapeshifter) (Vaults:1)
  8 trolls
  2 polar bears
  2 queen bees
  4 meliai (D:13)
  A fire dragon zombie (WizLab)
  A merfolk (D:9)
  9 tyrant leeches
  A hornet (shapeshifter) (Vaults:3)
  12 hornets
  24 blink frogs
  A dream sheep (D:9)
  Prince Ribbit (D:9)
  A meliai zombie (D:14)
  11 bog bodies
  15 slime creatures
  12 hippogriffs
  A deep troll zombie (WizLab)
  An ice dragon zombie (WizLab)
  A shapeshifter (Vaults:3)
  6 spriggans
  5 wyverns
  A redback (shapeshifter) (D:13)
  A human (shapeshifter) (D:13)
  4 wraiths
  6 shadows
  2 fire elementals (D:12)
  54 yaks
  A golden eye (shapeshifter) (Vaults:2)
  4 hogs (Swamp:4)
  A vampire (D:15)
  3 basilisks
  2 hungry ghosts
  30 vampire mosquitoes
  8 wargs
  3 steam dragons
  A two-headed ogre zombie (D:11)
  19 swamp worms
  42 nagas
  15 insubstantial wisps
  2 acid dragons (D:15)
  4 water moccasins
  4 porcupines
  3 hell hounds (D:12)
  8 ice beasts
  4 sky beasts
  4 black bears
  59 orc warriors
  4 eyes of draining
  23 swamp drakes
  25 ogres
  6 phantoms
  11 boggarts
  2 necrophages
  The ghost of buskinjo the Vexing, an amateur DgEn (D:3)
  20 centaurs
  18 wolves
  8 crocodiles
  2 big kobolds
  2 elf zombies (Ossuary)
  17 bullfrogs
  A wyvern zombie (D:6)
  A wyvern skeleton (D:8)
  4 scorpions
  2 tengu zombies (WizLab)
  17 howler monkeys
  65 killer bees
  4 wights (D:15)
  4 electric eels
  9 crimson imps
  A bullfrog zombie (D:10)
  2 quasits
  An iron imp (D:8)
  33 orc priests
  3 jellies
  3 centaur skeletons
  11 hounds
  2 bullfrog skeletons
  5 iguanas
  49 orc wizards
  12 worker ants
  7 ogre zombies (D:11)
  2 centaur simulacra
  3 big kobold zombies (Ossuary)
  2 hound zombies (Ossuary)
  3 hound skeletons
  4 mummies (Ossuary)
  A worker ant zombie (D:8)
  11 adders
  9 gnolls
  7 shadow imps
  10 white imps
  An ooze (D:2)
  11 ufetubi
  An adder skeleton (D:6)
  2 worms
  9 dart slugs
  6 leopard geckos
  139 orcs
  5 ball pythons (D:2)
  7 bats
  4 giant cockroaches
  2 gnoll zombies (Ossuary)
  9 hobgoblins
  15 jackals
  7 quokkas
  2 frilled lizards
  11 goblins
  A goblin skeleton (D:11)
  3 goblin zombies
  A hobgoblin skeleton (D:11)
  7 hobgoblin zombies (D:11)
  A jackal zombie (Ossuary)
  16 kobolds
  A leopard gecko zombie (D:5)
  2 orc skeletons (D:11)
  12 orc zombies (D:11)
  2 quokka skeletons
  A quokka zombie (D:9)
  4 rats
  A rat zombie (Ossuary)
1664 creatures vanquished.

Vanquished Creatures (others)
  A naga warrior (Snake:4)
  A naga sharpshooter (Snake:4)
  2 unseen horrors (D:15)
  A salamander mystic (Snake:4)
  A wizard (Vaults:1)
  A salamander (Snake:4)
  A black mamba (Snake:4)
  4 slaves (D:7)
  An electric eel (D:12)
  An orc wizard (D:13)
  A bullfrog simulacrum (D:12)
  A hound zombie (D:7)
  A gnoll (D:7)
  A white imp (IceCv)
  2 ufetubi (IceCv)
  7 fungi
  3 plants
30 creatures vanquished.

Grand Total: 1694 creatures vanquished

Notes
Turn   | Place    | Note
-------+----------+-------------------------------------------
     0 | D:1      | Goblin1989 the Centaur Hunter began the quest for the Orb.
     0 | D:1      | Reached XP level 1. HP: 17/17 MP: 1/1
   225 | D:1      | Reached XP level 2. HP: 24/24 MP: 2/2
   646 | D:1      | Reached XP level 3. HP: 29/29 MP: 3/3
  1664 | D:2      | Reached XP level 4. HP: 36/36 MP: 4/4
  1771 | D:3      | Noticed buskinjo's ghost (amateur DgEn)
  2007 | D:3      | Reached XP level 5. HP: 25/41 MP: 5/5
  2729 | D:3      | Killed buskinjo's ghost
  3064 | D:4      | Noticed a phantom
  3317 | D:4      | Reached XP level 6. HP: 45/48 MP: 6/6
  3322 | D:4      | Found a hazy altar of Hepliaklqana.
  3393 | D:4      | Found Kevy's Antique Weapon Shop.
  3442 | D:4      | Reached skill level 10 in Bows
  3920 | D:4      | Found a staircase to the Ecumenical Temple.
  3932 | Temple   | Entered the Ecumenical Temple
  4307 | D:4      | Reached XP level 7. HP: 39/55 MP: 7/7
  4852 | D:5      | Entered Level 5 of the Dungeon
  5804 | D:5      | Identified the Incunabulum of Earth and Combat Magic
  5809 | D:5      | Learned a level 2 spell: Passwall
  5857 | D:5      | Reached XP level 8. HP: 56/61 MP: 8/8
  5890 | D:5      | Found an ancient bone altar of Kikubaaqudgha.
  6055 | D:5      | Found a glowing silver altar of Zin.
  6057 | D:5      | Found an opulent altar of Gozag.
  6582 | D:6      | Found a shadowy altar of Dithmenos.
  6604 | D:6      | Found a sand-covered staircase.
  6608 | Ossuary  | Entered an ossuary
  7247 | D:6      | Reached skill level 1 in Unarmed Combat
  7460 | D:6      | Reached skill level 2 in Unarmed Combat
  7554 | D:6      | Noticed Curus's ghost (novice DsGl)
  7651 | D:6      | Reached skill level 1 in Armour
  8304 | D:6      | Reached XP level 9. HP: 40/68 MP: 9/9
  8524 | D:6      | Goblin1989: !lg curus place=dungeon:6 -log
  8524 | D:6      | beem: No games for curus (place=dungeon:6).
  8524 | D:6      | Goblin1989: !lg curus -log
  8524 | D:6      | beem: 278. Curus, XL1 DsGl, T:21: https://crawl.xtahua.com/crawl/morgue/Curus/morgue-Curus-20180311-204313.txt
  8524 | D:6      | Goblin1989: !lg . ddee place=ziggurat -log
  8524 | D:6      | beem: No games for Goblin1989 (ddee place=ziggurat).
  8524 | D:6      | Goblin1989: !lg . ddee place=zigg -log
  8524 | D:6      | beem: No games for Goblin1989 (ddee place=zigg).
  8524 | D:6      | Goblin1989: !lg curus place=d:6 -log
  8524 | D:6      | beem: 13. Curus, XL8 DsGl, T:4629: https://crawl.xtahua.com/crawl/morgue/Curus/morgue-Curus-20180311-204156.txt
  8524 | D:6      | Goblin1989: суука!!!
  8524 | D:6      | Goblin1989: AC ++++ EV ++++
  8524 | D:6      | Goblin1989: AC: 16
  8524 | D:6      | Goblin1989: EV: 17
  8524 | D:6      | Goblin1989: да как ты вообще умереть смог в такой экипировке, рукожом херов!
  8565 | D:7      | Found Tucs's Armour Boutique.
  8567 | D:7      | Goblin1989: *рукожоп
  8569 | D:7      | Reached skill level 3 in Unarmed Combat
  8805 | D:7      | Noticed daodarkstar's ghost (novice DsFi)
  8810 | D:7      | Goblin1989: !lg daodarkstar place=d:7 -log
  8810 | D:7      | beem: 3. daodarkstar, XL10 DsFi, T:8536: https://crawl.xtahua.com/crawl/morgue/daodarkstar/morgue-daodarkstar-20180311-230854.txt
  8848 | D:7      | Noticed Pikel
  8935 | D:6      | Killed Pikel
  8935 | D:6      | Reached skill level 4 in Unarmed Combat
  9348 | D:8      | Reached skill level 5 in Unarmed Combat
 10078 | D:8      | Noticed Joseph
 10088 | D:8      | Killed Joseph
 10181 | D:8      | Reached skill level 6 in Unarmed Combat
 10203 | D:8      | Reached XP level 10. HP: 54/80 MP: 10/10
 10460 | D:8      | Got a smoking war axe
 10461 | D:8      | Identified the +6 war axe of Ykuryane {drain, *Drain MP-9 Str+8 SInv} (You found it on level 8 of the Dungeon)
 10469 | D:8      | Found a snail-covered altar of Cheibriados.
 10699 | D:8      | Found an ornate altar of the Wu Jian Council.
 10898 | D:8      | Reached skill level 5 in Fighting
 11133 | D:8      | Found a basalt altar of Yredelemnul.
 11134 | D:8      | Found a sparkling altar of Nemelex Xobeh.
 12261 | D:7      | Found an ornate altar of the Wu Jian Council.
 12391 | D:7      | Found a deep blue altar of Sif Muna.
 12625 | D:7      | Reached skill level 7 in Unarmed Combat
 13574 | D:9      | Noticed Prince Ribbit
 13581 | D:9      | Killed Prince Ribbit
 14062 | D:9      | Found a white marble altar of Elyvilon.
 14088 | D:9      | Noticed a two-headed ogre
 14089 | D:9      | a two-headed ogre changed into a dream sheep
 14112 | D:9      | Reached skill level 8 in Unarmed Combat
 14224 | D:9      | Found a shattered altar of Ashenzari.
 14241 | D:9      | Found an iron altar of Okawaru.
 14249 | D:9      | Became a worshipper of Warmaster Okawaru
 14882 | D:10     | Entered Level 10 of the Dungeon
 15423 | D:10     | Found a staircase to the Lair.
 15842 | D:10     | Reached XP level 11. HP: 50/89 MP: 11/11
 16175 | D:10     | Reached * piety under Okawaru
 17243 | D:11     | Reached skill level 5 in Dodging
 17269 | D:11     | Noticed a two-headed ogre
 17283 | D:11     | Killed a two-headed ogre
 17283 | D:11     | Reached ** piety under Okawaru
 17283 | D:11     | Reached skill level 9 in Unarmed Combat
 17283 | D:11     | Reached skill level 1 in Invocations
 17639 | D:11     | Reached *** piety under Okawaru
 17970 | D:11     | Reached skill level 5 in Armour
 18410 | D:11     | Reached **** piety under Okawaru
 18511 | D:11     | Reached skill level 10 in Unarmed Combat
 18559 | D:11     | Found a staircase to the Orcish Mines.
 19434 | D:11     | Noticed an eight-headed hydra
 19459 | D:11     | Killed an eight-headed hydra
 19493 | D:11     | Reached XP level 12. HP: 100/100 MP: 14/14
 19646 | Lair:1   | Entered Level 1 of the Lair of Beasts
 19673 | Lair:1   | Reached ***** piety under Okawaru
 21643 | Lair:1   | Noticed Nergalle
 22357 | Lair:2   | Received a gift from Okawaru
 22397 | Lair:2   | Reached skill level 5 in Invocations
 22696 | Lair:2   | Reached skill level 11 in Unarmed Combat
 23416 | Lair:2   | Received a gift from Okawaru
 23419 | Lair:2   | Got a polished shortbow {god gift}
 23421 | Lair:2   | Identified the +7 shortbow of Upheaval {god gift, flame, *Contam rC+ rN+ Str+4} (Okawaru gifted it to you on level 2 of the Lair of Beasts)
 23761 | Lair:3   | Noticed a four-headed hydra
 23770 | Lair:3   | Killed a four-headed hydra
 23863 | Lair:3   | Learned a level 2 spell: Song of Slaying
 23868 | Lair:3   | Learned a level 3 spell: Regeneration
 23921 | Lair:3   | Noticed Rupert
 24041 | Lair:3   | Received a gift from Okawaru
 24403 | Lair:3   | Paralysed by Rupert for 7 turns
 24418 | Lair:3   | Reached XP level 13. HP: 34/108 MP: 9/17
 24421 | Lair:3   | Killed Rupert
 24421 | Lair:3   | Received a gift from Okawaru
 24422 | Lair:3   | Reached skill level 12 in Unarmed Combat
 24424 | Lair:3   | Reached ****** piety under Okawaru
 25075 | Lair:4   | Noticed Sonja
 25087 | Lair:4   | Killed Sonja
 25087 | Lair:4   | Received a gift from Okawaru
 25559 | Lair:4   | Found a frozen archway.
 25563 | Lair:4   | Noticed Josephine
 25582 | Lair:4   | Killed Josephine
 25603 | IceCv    | Entered an ice cave
 26342 | IceCv    | Noticed a reaper
 26362 | IceCv    | Killed a reaper
 26435 | IceCv    | Got a glittering ivory amulet
 26436 | IceCv    | Identified the amulet of Jealousy {Harm *Drain rElec Dex+3} (You found it in an ice cave)
 26736 | Lair:4   | Received a gift from Okawaru
 26752 | Lair:4   | Gained mutation: Your magical capacity is low. (-10% MP) [mutagenic glow]
 27075 | Lair:4   | Found a staircase to the Snake Pit.
 27323 | Lair:4   | Found a staircase to the Swamp.
 28133 | Lair:5   | Noticed Serooblart's ghost (journeyman MiFi)
 28547 | Lair:5   | Found a staircase to the Slime Pits.
 28548 | Lair:5   | Found a viscous altar of Jiyva.
 28678 | Lair:5   | Reached skill level 13 in Unarmed Combat
 28802 | Lair:5   | Received a gift from Okawaru
 29546 | Lair:6   | Entered Level 6 of the Lair of Beasts
 29705 | Lair:1   | Killed Nergalle
 29705 | Lair:1   | Received a gift from Okawaru
 29705 | Lair:1   | Reached XP level 14. HP: 118/119 MP: 17/17
 29900 | Orc:1    | Entered Level 1 of the Orcish Mines
 30162 | Orc:1    | Found a roughly hewn altar of Beogh.
 30766 | Orc:1    | Reached skill level 10 in Fighting
 30777 | Orc:1    | Noticed an orc warlord
 30892 | Orc:1    | Noticed an orc warlord
 30988 | Orc:1    | Killed an orc warlord
 31002 | Orc:1    | Killed an orc warlord
 31389 | Orc:1    | Got a pitted great sword
 31393 | Orc:1    | Identified the +5 great sword "Qounite" {flame, rElec} (You found it on level 1 of the Orcish Mines)
 31757 | Orc:1    | Got a bloodstained dagger
 31776 | Orc:1    | Identified the +3 dagger "Bimy" {pierce, Fragile rF++ Str+7} (You found it on level 1 of the Orcish Mines)
 31833 | Orc:2    | Entered Level 2 of the Orcish Mines
 31989 | Orc:2    | Found a staircase to the Elven Halls.
 32676 | Orc:2    | Paralysed by an orc sorcerer for 5 turns
 33138 | Orc:2    | Received a gift from Okawaru
 33428 | Orc:2    | Paralysed by an orc sorcerer for 2 turns
 33438 | Orc:2    | Reached skill level 14 in Unarmed Combat
 33920 | Orc:2    | Noticed an orc warlord
 34255 | Orc:2    | Killed an orc warlord
 34388 | Orc:2    | Received a gift from Okawaru
 34391 | Orc:2    | Got a smoking large shield {god gift}
 34397 | Orc:2    | Identified the +4 large shield of Untruth {god gift, Regen+} (Okawaru gifted it to you on level 2 of the Orcish Mines)
 34545 | Orc:2    | Found Jangat's Weapon Emporium.
 34545 | Orc:2    | Found Qurargh's Distillery.
 34546 | Orc:2    | Found Zuwk's Armour Shoppe.
 34549 | Orc:2    | Found Godwex's Antique Armour Shoppe.
 34555 | Orc:2    | Bought a pair of runed gloves for 217 gold pieces
 35167 | D:12     | Noticed Frances
 35168 | D:12     | Noticed Gastronok
 35579 | D:12     | Noticed Azrael
 35602 | D:12     | Killed Azrael
 35642 | D:12     | Killed Gastronok
 35642 | D:12     | Reached XP level 15. HP: 94/128 MP: 15/19
 35829 | D:12     | Killed Frances
 35918 | D:12     | Got a steaming ring mail
 36393 | D:13     | Identified the +1 ring mail of the Arcane {Regen+ Str+4 Int+2} (You found it on level 12 of the Dungeon)
 36888 | D:13     | Received a gift from Okawaru
 36917 | D:13     | Found a portal to a secret trove of treasure.
 37114 | D:13     | Reached skill level 1 in Throwing
 38267 | D:13     | Noticed Maurice
 38273 | D:13     | Killed Maurice
 38350 | D:13     | Reached skill level 10 in Invocations
 38356 | D:13     | Reached skill level 15 in Unarmed Combat
 38549 | D:13     | Received a gift from Okawaru
 38552 | D:13     | Got a crystal lajatang {god gift}
 38553 | D:13     | Identified the +9 lajatang of the Volcano {god gift, freeze, Int+3} (Okawaru gifted it to you on level 13 of the Dungeon)
 38734 | D:13     | Noticed a sphinx
 38805 | D:13     | Killed a sphinx
 39438 | D:13     | Learned a level 6 spell: Statue Form
 39508 | D:14     | Noticed Louise
 39527 | D:14     | Killed Louise
 39595 | D:14     | Reached skill level 1 in Transmutations
 39681 | D:14     | Reached skill level 1 in Earth Magic
 39788 | D:14     | Reached skill level 1 in Spellcasting
 40554 | D:14     | Received a gift from Okawaru
 40829 | D:14     | Got a fine ring mail
 40840 | D:14     | Identified the +0 ring mail "Hodu" {rPois rC- rN+++ SInv} (You found it on level 14 of the Dungeon)
 40852 | D:14     | Got a twitching lapis lazuli ring
 40854 | D:14     | Identified the ring "Ymaaw" {+Fly MR+} (You found it on level 14 of the Dungeon)
 41072 | D:14     | Found a gate to the Vaults.
 41294 | D:14     | Reached XP level 16. HP: 123/138 MP: 18/21
 41496 | D:14     | Found a shimmering altar of Xom.
 41645 | D:15     | Entered Level 15 of the Dungeon
 42137 | D:15     | Received a gift from Okawaru
 42709 | D:15     | Found a staircase to the Depths.
 43935 | Snake:1  | Entered Level 1 of the Snake Pit
 45090 | Snake:1  | Got a warped flail
 45091 | Snake:1  | Identified the +1 flail of Recklessness {drain, rF+ Stlth+} (You found it on level 1 of the Snake Pit)
 45303 | Snake:1  | Found a shattered altar of Ashenzari.
 45567 | Snake:1  | Reached skill level 5 in Earth Magic
 45668 | Snake:1  | Reached skill level 5 in Transmutations
 46090 | Snake:2  | Received a gift from Okawaru
 47008 | Snake:2  | Received a gift from Okawaru
 47562 | Snake:2  | Received a gift from Okawaru
 47805 | Snake:2  | Noticed Aizul
 47834 | Snake:2  | Killed Aizul
 48096 | Snake:3  | Reached skill level 5 in Spellcasting
 48747 | Snake:3  | Reached XP level 17. HP: 94/146 MP: 22/22
 50497 | Snake:4  | Entered Level 4 of the Snake Pit
 50501 | Snake:4  | Noticed Vashnia
 51414 | Swamp:1  | Entered Level 1 of the Swamp
 51487 | Swamp:1  | Paralysed by a hornet for 2 turns
 51499 | Swamp:1  | Received a gift from Okawaru
 51945 | Swamp:1  | Got a fine centaur barding {god gift}
 51957 | Swamp:1  | Identified the +0 centaur barding of Faunn {god gift, rCorr Stlth+} (Okawaru gifted it to you on level 1 of the Swamp)
 51968 | Swamp:1  | Identified a scroll of acquirement
 53074 | Swamp:2  | Learned a level 2 spell: Sublimation of Blood
 53128 | Swamp:2  | Reached skill level 10 in Dodging
 53340 | Swamp:2  | Noticed Nikola
 53358 | Swamp:2  | Noticed Verr's ghost (journeyman DsFi)
 53365 | Swamp:2  | Killed Nikola
 53391 | Swamp:2  | Killed Verr's ghost
 54001 | Swamp:2  | Received a gift from Okawaru
 54557 | Swamp:2  | Received a gift from Okawaru
 54914 | Swamp:3  | Reached skill level 16 in Unarmed Combat
 55747 | Swamp:3  | Goblin1989: !lg ololoev
 55747 | Swamp:3  | beem: 3309. ololoev the Grappler (L12 NaTm of Hepliaklqana), blasted by an orc sorcerer (bolt of fire) on Orc:2 (kennysheep_orc_mage_school) on 2018-03-13 11:05:46, with 20043 points after 16275 turns and 1:33:11.
 55747 | Swamp:3  | Goblin1989: !lg ololoev -log
 55747 | Swamp:3  | beem: 3309. ololoev, XL12 NaTm, T:16275: https://crawl.xtahua.com/crawl/morgue/ololoev/morgue-ololoev-20180313-110546.txt
 55748 | Swamp:4  | Entered Level 4 of the Swamp
 55942 | Swamp:4  | Reached XP level 18. HP: 78/154 MP: 24/24
 56239 | Swamp:4  | Noticed Mara
 56251 | Swamp:4  | Received a gift from Okawaru
 56252 | Swamp:4  | Got a crude centaur barding {god gift}
 56270 | Swamp:3  | Identified the +3 centaur barding of Prudence {god gift, MR+} (Okawaru gifted it to you on level 4 of the Swamp)
 56547 | Swamp:4  | Killed Mara
 56576 | Swamp:4  | Noticed Donald
 56586 | Swamp:4  | Killed Donald
 56746 | Swamp:4  | Reached skill level 17 in Unarmed Combat
 56835 | Swamp:4  | Noticed Kirke
 56848 | Swamp:4  | Killed Kirke
 57611 | Swamp:4  | Got a decaying rune of Zot
 58468 | Snake:4  | Received a gift from Okawaru
 58528 | Snake:4  | Reached skill level 10 in Earth Magic
 58691 | Snake:4  | Received a gift from Okawaru
 58804 | Snake:4  | Got a bloodstained quarterstaff {god gift}
 58921 | Snake:4  | Reached skill level 10 in Transmutations
 58958 | Snake:4  | Killed Vashnia
 59928 | Snake:4  | Learned a level 4 spell: Passage of Golubria
 60177 | Snake:4  | Reached skill level 18 in Unarmed Combat
 60208 | Snake:4  | Received a gift from Okawaru
 60999 | Snake:4  | Received a gift from Okawaru
 61018 | Snake:4  | HP: 9/200 [naga sharpshooter/bolt (2)]
 61707 | Snake:4  | Reached XP level 19. HP: 112/160 MP: 25/25
 62307 | Snake:4  | Got a serpentine rune of Zot
 62812 | Vaults:1 | Entered Level 1 of the Vaults
 62940 | Vaults:1 | Received a gift from Okawaru
 63027 | Vaults:1 | Received a gift from Okawaru
 63199 | Vaults:1 | Received a gift from Okawaru
 63459 | Vaults:1 | Received a gift from Okawaru
 63653 | Vaults:1 | Found a roughly hewn altar of Beogh.
 63674 | Vaults:1 | Reached skill level 19 in Unarmed Combat
 64136 | Vaults:1 | Received a gift from Okawaru
 64459 | Vaults:1 | Received a gift from Okawaru
 65175 | Vaults:2 | Received a gift from Okawaru
 65192 | Vaults:2 | Got a faintly glowing rapier {god gift}
 65471 | Vaults:2 | Identified the +8 rapier of Lebuu {god gift, holy, rElec rPois rN+ Str-4} (Okawaru gifted it to you on level 2 of the Vaults)
 65772 | Vaults:2 | Noticed shugdite's ghost (adept MiFi)
 65797 | Vaults:2 | Killed shugdite's ghost
 65797 | Vaults:2 | Reached XP level 20. HP: 150/168 MP: 26/27
 65943 | Vaults:2 | Received a gift from Okawaru
 66239 | Vaults:2 | Received a gift from Okawaru
 66527 | Vaults:2 | Found a staircase to the Crypt.
 66527 | Vaults:2 | Found an ancient bone altar of Kikubaaqudgha.
 66528 | Vaults:2 | Found a basalt altar of Yredelemnul.
 66820 | Vaults:2 | Received a gift from Okawaru
 66827 | Vaults:2 | Got a transparent centaur barding {god gift}
 66861 | Vaults:2 | Identified the +0 centaur barding of Negligence {god gift, Str+4} (Okawaru gifted it to you on level 2 of the Vaults)
 67360 | Vaults:3 | Learned a level 2 spell: Blink
 68576 | Vaults:4 | Found a magical portal.
 68584 | WizLab   | Entered Doroklohe's Tomb
 68878 | WizLab   | Noticed a greater mummy
 68910 | WizLab   | HP: 1/221 [death scarab[a greater mummy] (20)]
 68910 | WizLab   | Mangled by a death scarab

Skill      XL: |  1  2  3  4  5  6  7  8  9 10 11 12 13 14 15 16 17 18 19 20 |
---------------+-------------------------------------------------------------+-----
Bows           | 6 7 8 9 11 12 14 | 14.1
Unarmed Combat | 2 6 8 10 11 13 14 15 16 18 19 | 19.7
Armour         | 1 3 4 5 6 7 8 |  8.7
Dodging        | 2 3 4 5 6 7 8 9 10 11 | 11.9
Fighting       | 4 6 7 8 9 10 11 12 | 12.8
Invocations    | 3 6 7 9 10 | 10.0
Throwing       | 4 |  4.9
Transmutations | 2 6 8 10 11 12 | 12.2
Earth Magic    | 2 6 8 10 11 12 | 12.3
Spellcasting   | 2 5 6 7 |  7.9
Stealth        | |  0.4

Action                   |  1- 3 |  4- 6 |  7- 9 | 10-12 | 13-15 | 16-18 | 19-21 || total
-------------------------+-------+-------+-------+-------+-------+-------+-------++-------
Melee: Mace              |       |    20 |    34 |       |       |       |       ||    54
       Kick              |       |     4 |    23 |   214 |   436 |    70 |   218 ||   965
       Unarmed           |       |       |    57 |   599 |  1447 |   190 |   774 ||  3067
       Quarterstaff      |       |       |    28 |       |       |       |       ||    28
       War axe           |       |       |       |   159 |       |       |       ||   159
       Punch             |       |       |       |    32 |    59 |    13 |    67 ||   171
       Great sword       |       |       |       |       |     2 |       |       ||     2
 Fire: Shortbow          |   129 |   187 |   170 |   633 |   678 |  2502 |    52 ||  4351
       Hunting sling     |       |     8 |   471 |       |       |       |       ||   479
       Longbow           |       |       |       |       |     7 |       |   130 ||   137
Throw: Stone             |       |     1 |    20 |       |       |       |       ||    21
       Throwing net      |       |       |       |     2 |       |       |       ||     2
 Cast: Statue Form       |       |       |       |       |       |    21 |    46 ||    67
       Regeneration      |       |       |       |       |       |     1 |     9 ||    10
       Song of Slaying   |       |       |       |       |       |       |     1 ||     1
Invok: Heroism           |       |       |       |     8 |    37 |    19 |     2 ||    66
       Finesse           |       |       |       |     1 |    17 |    12 |       ||    30
 Abil: End Transformatio |       |       |       |       |       |       |     5 ||     5
Evoke: Wand              |       |       |       |    17 |    18 |     1 |       ||    36
  Use: Potion            |       |     5 |    10 |     3 |     5 |     3 |     7 ||    33
       Scroll            |       |       |     1 |    16 |     7 |    10 |    17 ||    51
 Stab: Distracted        |       |       |       |       |     1 |       |       ||     1
       Invisible         |       |       |       |       |       |       |     5 ||     5
  Eat: Chunk             |     1 |     6 |    12 |    35 |    25 |    18 |    30 ||   127
       Ration            |       |       |     1 |     2 |     7 |    13 |     5 ||    28
Armor: Leather armour    |    20 |    31 |   167 |       |       |       |       ||   218
       Skin              |       |    16 |       |       |       |   106 |   275 ||   397
       Ring mail         |       |       |    80 |    89 |       |       |       ||   169
       Scale mail        |       |       |       |   140 |       |       |       ||   140
       Chain mail        |       |       |       |   154 |   168 |       |       ||   322
       Plate armour      |       |       |       |       |   685 |   269 |       ||   954
       Swamp dragon scal |       |       |       |       |       |    92 |       ||    92
       Steam dragon scal |       |       |       |       |       |    13 |    47 ||    60
Dodge: Dodged            |    14 |    51 |   270 |   629 |   717 |   680 |   904 ||  3265

Vault maps used:
D:1:      tarquinn_simple_flora_water_e
D:2:      first_ration, minmay_shallow_snake_nest
D:3:      serial_park_tiny_pond, hex_large
D:4:      nicolae_overflow_crystal_walls, minmay_temple_entry_glassed_door,
          serial_shops, shop_fountains
D:5:      kennysheep_slugbush, grunt_temple_overflow_gold_and_silver,
          kiku_gazebo_garden_becter
D:6:      kennysheep_mini, nicolae_ossuary_entry_false_entrances,
          hangedman_abyss_or_decor_stabs
D:7:      lemuel_round_altar, lemuel_coloured_pillars_altar, serial_shops, shop,
          uniq_pikel
D:8:      slow_altar_2, gammafunk_temple_overflow_statue, basic_altar,
          uniq_joseph
D:9:      kennysheep_okawaru_gauntlet, marbit_many_paths, lemuel_crystal_altar,
          hangedman_fish_farm, minmay_misc_feat_tiny, uniq_prince_ribbit1
D:10:     erik_lair_orcish_takeover
D:11:     zombieorc2_lemuel
D:12:     serial_ice, serial_ice_j, serial_ice_e, serial_ice_a, serial_ice_o,
          serial_ice_n, serial_ice_b, uniq_frances, uniq_azrael, uniq_gastronok
D:13:     hangedman_what_comes_after_a, enter_trove_6, evilmike_butchery,
          uniq_maurice
D:14:     kennysheep_large_spiral, david_vaults_5, basic_altar, feat_on_display,
          uniq_louise
D:15:     grunt_enter_depths_snipers
Temple:   compressed_dpeg_triangle_lava_temple
Lair:1:   cheibrodos_lair_caveside_slide, uniq_nergalle
Lair:3:   special_room, uniq_rupert
Lair:4:   minmay_swamp_entry_swarm, minmay_snake_entry_guardpost_small,
          portal_ice_cave_entry_pillars_1, forest_entry_grove,
          serial_bayou_shore_a, uniq_josephine, uniq_sonja
Lair:5:   slime_altar_1
Lair:6:   minmay_lair_end_frog_pond, minmay_lair_oklob_chamber
Swamp:1:  evilmike_swamp_ruin_house_1, swamp_pool3, infiniplex_staircase_pool_2
Swamp:2:  serial_swamp_ruin, evilmike_swamp_ruin_house_5,
          evilmike_swamp_ruin_house_3, uniq_nikola
Swamp:3:  hangedman_swamp_pad
Swamp:4:  swamp_basic_johnstein, uniq_kirke, uniq_donald, uniq_mara
Snake:1:  lemuel_oklob_altar
Snake:2:  st_stairs_14, grunt_ministairs_12, uniq_aizul
Snake:3:  grunt_ministairs_4
Snake:4:  snake_pit, uniq_vashnia
Orc:1:    basic_altar, minmay_orc_treasury
Orc:2:    st_orc_mages, elf_legates
Vaults:1: grunt_vaults_trifunnel, hangedman_vaults_restitches,
          vaults_room_fancy_cross, nicolae_vaults_hallways_thing,
          nicolae_vaults_network_star, ontoclasm_vaults_chip,
          special_room_vaults, vaults_room_grid,
          nicolae_vaults_little_squares_2, dpeg_vaults_monster_box
Vaults:2: minmay_crypt_entry_necro_gods, vaults_room_fours, v_pattern_1,
          v_misc_29, vaults_room_stairs_pillars, hangedman_vaults_stitches,
          v_misc_5, v_alt_pattern_6, nicolae_vaults_asterisk, v_misc_8,
          nicolae_vaults_shelves_hall
Vaults:3: v_alt_pattern_4, hangedman_vaults_stagger,
          nicolae_vaults_network_barrier, hangedman_vaults_variations,
          ontoclasm_vaults_spin, vaults_room_boxed, vaults_room_pool, v_misc_1,
          nicolae_vaults_little_squares_4, ontoclasm_vaults_loading_screen,
          v_alt_pattern_4, serial_ice_h
Vaults:4: v_rooms_4, ontoclasm_vaults_ring_small, ontoclasm_vaults_ring_large,
          ontoclasm_vaults_decontamination, ontoclasm_vaults_claustrophobia,
          vaults_room_hangedman_quadrants, ontoclasm_vaults_idyll,
          nicolae_vaults_little_squares_6, vaults_dpeg_hooks, mu_enter_wizlab_6,
          serial_shops, nicolae_shop_statue_plus
Ossuary:  ossuary_minmay_tomb_2a
IceCv:    ice_cave_small_demon
WizLab:   wizlab_doroklohe
